 Dungeon Crawl Stone Soup version 0.29.1-1-gd02db6906a (webtiles) character file.

Game seed: 10045945403610180411

202 KamiKatze the Chopper (level 5, -9/44 HPs)
             Began as a Palentonga Fighter on Oct 3, 2022.
             Mangled by Sigmund
             ... wielding a +2 scythe of protection
              (12 damage)
             ... on level 3 of the Dungeon.
             The game lasted 00:07:39 (2108 turns).

KamiKatze the Chopper (Palentonga Fighter)          Turns: 2108, Time: 00:07:40

Health: -9/44      AC:  8    Str: 23    XL:     5   Next: 50%
Magic:  5/5        EV:  8    Int: 15    God:
Gold:   126        SH:  4    Dex:  9    Spells: 4/4 levels left

rFire   + . .      SeeInvis +   a - +0 war axe (vorpal)
rCold   . . .      Faith    .   c - +0 buckler
rNeg    . . .      Spirit   .   n - +0 ring mail {rF+}
rPois   .          Reflect  .   (no helmet)
rElec   .          Harm     .   l - +0 cloak
rCorr   .          Rampage  .   s - +0 pair of gloves
Will    .....                   (no barding)
Stlth   ..........              (no amulet)
HPRegen 0.14/turn               j - +6 ring of intelligence
MPRegen 0.09/turn               (no ring)

@: mighty
A: large, rugged brown scales 3, see invisible, deformed body, roll 1, armoured
tail
a: Rolling Charge


You were on level 3 of the Dungeon.
You visited 1 branch of the dungeon, and saw 3 of its levels.

You collected 126 gold pieces.

Inventory:

Hand Weapons
 a - a +0 vorpal war axe (weapon)
Armour
 b - a +0 scale mail
 c - a +0 buckler (worn)
 l - a +0 cloak (worn)
 n - a +0 ring mail of fire resistance (worn)
 s - a +0 pair of gloves (worn)
Jewellery
 j - a +6 ring of intelligence (left hand)
Scrolls
 e - a scroll of immolation
 h - a scroll of brand weapon
 k - a scroll of identify
 m - a scroll of enchant armour {unknown}
 o - 3 scrolls of butterflies
 p - a scroll of fear {unknown}
 w - a scroll of amnesia {unknown}
Potions
 d - a potion of might
 f - 3 potions of attraction
 g - 2 potions of lignification
 i - a potion of haste
 q - a potion of flight {unknown}
 r - a potion of degeneration {unknown}
 t - 3 potions of heal wounds {unknown}
 u - a potion of brilliance {unknown}
 v - a potion of curing {unknown}
 x - a potion of mutation {unknown}


   Skills:
 + Level 3.7 Fighting
 * Level 3.7 Axes
 + Level 3.0 Armour
 + Level 1.5 Dodging
 + Level 3.3 Shields


You had 4 spell levels left.
You didn't know any spells.
Your spell library contained the following spells:

 Spells                   Type           Power      Damage    Failure   Level
 Slow                     Hex            0%         N/A       45%         1
 Blink                    Tloc           0%         N/A       61%         2
 Confusing Touch          Hex            0%         N/A       83%         3
 Conjure Flame            Conj/Fire      0%         6-21      83%         3
 Ignite Poison            Fire/Tmut/Pois 0%         N/A       83%         3
 Lesser Beckoning         Tloc           0%         N/A       83%         3
 Vampiric Draining        Necr           0%         2d6       83%         3
 Sticky Flame             Conj/Fire      0%         2d3       99%         4


Dungeon Overview and Level Annotations

Branches:
Dungeon (3/15)

Altars:
Cheibriados
Sif Muna
Yredelemnul
Zin

Shops:
D:1 [

Annotations:
D:3 Sigmund


Innate Abilities, Weirdness & Mutations

You are completely covered in rugged brown scales. (AC +3, +7% HP)
You have supernaturally acute eyesight. (SInv)
Armour fits poorly on your strangely shaped body.
You can roll at nearby foes to attack.
You have a long armoured tail.


Message History

The adder closely misses you.
You miss the adder.
The adder is moderately wounded.
The adder bites you but does no damage. You block Sigmund's attack.
You slash the adder!
You kill the adder!
Sigmund points at you and mumbles some strange words.
You are confused.
There is an open door here.
Unknown command.
You are too confused!
Unknown command.
You closely miss Sigmund. Sigmund hits you but does no damage.
You completely miss Sigmund.
Sigmund hits you with a +2 scythe of protection!
Sigmund hits you from afar with a +2 scythe of protection!
* * * LOW HITPOINT WARNING * * *
You bump into the rock wall.
Sigmund hits you from afar with a +2 scythe of protection.
* * * LOW HITPOINT WARNING * * *
You bump into the rock wall.
Sigmund hits you but does no damage.
You feel less confused. Sigmund gestures at you while chanting.
You resist with some effort.
Unknown command.
You feel very mighty all of a sudden. Sigmund barely misses you.
There is an open door here.
You closely miss Sigmund. You tail-slap Sigmund!
Sigmund is heavily wounded.
Sigmund closely misses you.
You closely miss Sigmund.
Sigmund is heavily wounded.
Sigmund hits you with a +2 scythe of protection!
* * * LOW HITPOINT WARNING * * *
You hit Sigmund but do no damage.
Sigmund is heavily wounded.
Sigmund hits you with a +2 scythe of protection!
You die...

#..#.....#..##.##..#....)###
####.....####......#........
#.....#..#...#..#.....##'
#.....#..#...##.##...##..
.#+####'####'#.......##.##...
#.....................#.#....
.................######.#....
#...........@....# #.#...(
##+####'####@#...# ##.##...
... #..#.### ##...##..
.....#..#.######..†..###
#..S..####......#...††...
#.....# #.######.....##'
+....@+ #......##...###.
#+###+####.......#####.#.
#........÷.##.##.##
##...#####.##.##.##


You could see Sigmund (invisible).

Vanquished Creatures
  An iguana (D:3)
  9 adders
  3 gnolls
  A worm (D:3)
  2 dart slugs (D:2)
  4 ball pythons
  10 bats
  2 endoplasms (D:2)
  5 goblins
  7 hobgoblins
  3 jackals (D:1)
  3 quokkas
  4 frilled lizards
  6 kobolds
  3 rats
63 creatures vanquished.

Notes
Turn   | Place    | Note
-------+----------+-------------------------------------------
     0 | D:1      | KamiKatze the Palentonga Fighter began the quest for the
                  | Orb.
     0 | D:1      | Reached XP level 1. HP: 19/19 MP: 1/1
   138 | D:1      | Reached XP level 2. HP: 5/25 MP: 2/2
   582 | D:1      | Found Lonec's Armour Boutique.
   716 | D:2      | Reached XP level 3. HP: 29/31 MP: 3/3
   911 | D:2      | Found a glowing silver altar of Zin.
  1475 | D:3      | Reached XP level 4. HP: 35/37 MP: 4/4
  1536 | D:3      | Reached skill level 1 in Dodging
  1625 | D:3      | Found a glowing silver altar of Zin.
  1626 | D:3      | Found a shimmering blue altar of Sif Muna.
  1632 | D:3      | Found a basalt altar of Yredelemnul.
  1643 | D:3      | Found a snail-covered altar of Cheibriados.
  1775 | D:3      | Reached XP level 5. HP: 41/43 MP: 5/5
  1802 | D:3      | Got Sif Muna's Vademecum on Non-Euclidean Flames
  2079 | D:3      | Noticed Sigmund
  2107 | D:3      | HP: 2/44 [Sigmund/+2 scythe of protection (8)]
  2108 | D:3      | Mangled by Sigmund

Illustrated notes

Levels and vault maps discovered:
D:1:      zelgadis_glass_arrival_small, layout_rooms, serial_shops,
          nicolae_shop_crystal
D:2:      layout_loops_ring, basic_altar
D:3:      minmay_octagon_keep, layout_loops_cross, minitemple,
          minmay_snake_closets, uniq_sigmund

Skill      XL: |  1  2  3  4  5 |
---------------+----------------+-----
Shields        | 3 |  3.3
Axes           | 3 |  3.7
Dodging        | 1 |  1.5
Armour         | 3 |  3.0
Fighting       | |  3.7

Action                   |  1- 3 |  4- 6 || total
-------------------------+-------+-------++-------
Melee: War axe           |    91 |    79 ||   170
       Tailslap          |    13 |     7 ||    20
 Abil: Rolling Charge    |    36 |    13 ||    49
  Use: Scroll            |     6 |       ||     6
       Potion            |       |     1 ||     1
Armor: Scale mail        |    25 |       ||    25
       Ring mail         |    16 |    56 ||    72
Dodge: Dodged            |    43 |    35 ||    78
Block: Buckler           |    10 |    18 ||    28
